 Dungeon Crawl Stone Soup version 0.30.1-3-gfc49f6343a (webtiles) character file.

Game seed: 16502913205199975528

1577 Sanktem7 the Cleaver (level 8, -3/71 HPs)
             Began as a Minotaur Fighter on July 20, 2023.
             Slain by an orc priest
             ... wielding a +0 trident
              (5 damage)
             ... on level 6 of the Dungeon on July 29, 2023.
             The game lasted 00:10:03 (3873 turns).

Sanktem7 the Cleaver (Minotaur Fighter)             Turns: 3873, Time: 00:10:04

Health: -3/71      AC: 11    Str: 23    XL:     8   Next: 60%
Magic:  7/7        EV: 13    Int:  5    God:
Gold:   280        SH:  6    Dex: 16    Spells: 7/7 levels left

rFire   . . .        a - +0 war axe {axe}
rCold   . . .        c - +0 buckler
rNeg    . . .        o - +0 chain mail
rPois   .            (helmet restricted)
rElec   .            (no cloak)
rCorr   .            (no gloves)
SInv    .            b - +0 pair of boots
Will    .....        (no amulet) Stlth
                     p - +5 ring of evasion
HPRegen 0.31/turn    q - +6 ring of dexterity
MPRegen 0.10/turn

%: no passive effects
@: studying Transmutations
A: horns 2, retaliatory headbutt
a: no special abilities


You were on level 6 of the Dungeon.
You visited 1 branch of the dungeon, and saw 6 of its levels.

You collected 280 gold pieces.


Innate Abilities, Weirdness & Mutations

You have a pair of horns on your head.
You reflexively headbutt those who attack you in melee.


   Skills:
 + Level 6.7 Fighting
 * Level 8.3 Axes
 + Level 2.5 Throwing
 + Level 6.7 Armour
 + Level 6.5 Shields


You had 7 spell levels left.
You didn't know any spells.
Your spell library contained the following spells:

 Spells                   Type           Power      Damage    Failure   Level
 Apportation              Tloc           0%         N/A       97%         1
 Necrotise                Necr           0%         1d4       97%         1
 Slow                     Hex            0%         N/A       97%         1
 Summon Small Mammal      Summ           0%         N/A       97%         1
 Confusing Touch          Hex            0%         N/A       100%        3
 Vampiric Draining        Necr           0%         2d6       100%        3

Inventory:

Hand Weapons
 a - a +0 war axe (weapon) {axe}
 k - a +0 vampiric demon trident {polearm}
   (You found it on level 2 of the Dungeon)
 y - a +0 whip of flaming {mace}
   (You took it off Pikel on level 5 of the Dungeon)
 z - a +0 mace of venom {mace}
   (You took it off an orc on level 5 of the Dungeon)
 A - a +5 scimitar of freezing {long}
   (You took it off a wight on level 5 of the Dungeon)
Missiles
 f - 35 stones (quivered) {throwing}
 n - 2 poisoned darts {throwing}
 r - 5 boomerangs {throwing}
Armour
 b - a +0 pair of boots (worn)
   (You found it on level 4 of the Dungeon)
 c - a +0 buckler (worn)
 o - a +0 chain mail (worn)
   (You found it on level 4 of the Dungeon)
 w - an orb of guile
   (You found it on level 5 of the Dungeon)
Magical Staves
 v - a staff of cold {!astaff}
   (You found it on level 5 of the Dungeon)
Jewellery
 p - a +5 ring of evasion (left hand)
   (You took it off a hobgoblin on level 4 of the Dungeon)
 q - a +6 ring of dexterity (right hand)
   (You found it on level 4 of the Dungeon)
 C - a ring of protection from cold
   (You found it on level 6 of the Dungeon)
Scrolls
 g - 2 scrolls of enchant armour {unknown}
 h - 3 scrolls of blinking {unknown}
 l - 2 scrolls of vulnerability {unknown}
 m - 4 scrolls of identify {unknown}
 t - a scroll of noise {unknown}
 u - a scroll of magic mapping {unknown}
 x - a scroll of butterflies {unknown}
Potions
 d - 2 potions of might
 e - a potion of attraction {unknown}
 i - 2 potions of curing {unknown}
 j - 3 potions of haste {unknown}
 s - a potion of lignification {unknown}
 B - a potion of heal wounds {unknown}

Dungeon Overview and Level Annotations

Branches:
Dungeon (6/15) Zot: 26494
 Temple: D:4-7

Altars:

Shops:
D:5 = D:6

( #.#.# ### #.#.# #..
....# # #.# #...# #.
#.# #...# #.###.####.#
#...#
.........#.###...#####
#....$.o@.......)....#
#.######)#..####.##..#
###.#..####.#
#...........# #
#.####....... #. #.#
#.###### #.####.# #.#
#.#....# #.#
#....######.#


You could see an orc priest.


Message History

No target in view!
No target in view!
No target in view!
No target in view!
No target in view!
You now have 280 gold pieces (gained 7).
An orc wizard comes into view. It is wielding a +0 dagger.
The orc wizard shouts!
The orc wizard mumbles some strange words.
The orc wizard flickers and vanishes!
Deactivating autopickup; reactivate with Ctrl-A.
You hear a shout!
There is a strange disturbance nearby!
No target in view!
Unknown command.
An orc comes into view. It is wielding a +0 mace.
The orc shouts!
An orc priest comes into view. It is wielding a +0 dagger.
An orc priest comes into view. It is wielding a +0 trident.
The orc priest shouts!
An orc comes into view. It is wielding a +0 short sword.
You are confused.
The orc priest mumbles some strange prayers to Beogh against you.
Beogh smites you! 😕 HP[-14]
You take 14 damage, and now have 57/71 hp.
You bump into the metal wall.
You bump into the metal wall.
The orc hits you with a +0 mace. Something hits you but does no damage.
The orc priest barely misses you. 😮 HP[-4]
You take 4 damage, and now have 53/71 hp.
The orc attacks as you move away! The orc barely misses you.
You closely miss something. Your headbutt misses something. You miss the orc.
You feel less confused. Something hits you but does no damage.
The orc priest mumbles some strange prayers to Beogh against you.
Pain shoots through your body!
The orc priest calls down the wrath of Beogh upon you.
Beogh smites you!
* * * LOW HITPOINT WARNING * * *
😨 HP[-21]
You take 21 damage, and now have 32/71 hp.
MASSIVE DAMAGE!! (PAUSE)
You slash the orc!
You kill the orc!
You miss something.
You hear some strange, mumbled words.
A magic dart appears from out of thin air!
The magic dart hits you.
* * * LOW HITPOINT WARNING * * *
The orc priest closely misses you. 😨 HP[-4]
You take 4 damage, and now have 28/71 hp.
The orc priest completely misses you.
The orc priest hits you from afar with a +0 trident.
* * * LOW HITPOINT WARNING * * *
You see here a +0 mace {mace}. 😨 HP[-4]
You take 4 damage, and now have 24/71 hp.
The orc priest mumbles some strange prayers to Beogh against you.
Beogh smites you!
* * * LOW HITPOINT WARNING * * *
😱 HP[-16]
You take 16 damage, and now have 8/71 hp.
MASSIVE DAMAGE!! (PAUSE)
You hit something but do no damage. Something barely misses you. 😱 HP[+1]
You barely miss something. Your headbutt misses something.
Something hits you but does no damage.
You slash something!
Reactivating autopickup.
You feel a bit more experienced.
You slash the orc!
You kill the orc!
You block the orc priest's attack. 😱 HP[+1]
You hit the orc priest.
The orc priest hits you but does no damage.
The orc priest barely misses you.
The orc priest hits you but does no damage.
The orc priest misses you.
You barely miss the orc priest. The orc priest completely misses you.
The orc priest begins to cast a cantrip, but forgets the words!
You slash the orc priest!
You kill the orc priest!
The orc priest barely misses you. 😱 HP[+1]
The orc priest mumbles some strange prayers to Beogh against you.
Beogh smites you!
* * * LOW HITPOINT WARNING * * *
Items here: )))) [[ †††. 😱 HP[-10]
You take 10 damage, and now have 1/71 hp.
The orc priest completely misses you.
You hit the orc priest.
The orc priest hits you but does no damage. 😱 HP[+1]
You closely miss the orc priest.
The orc priest hits you with a +0 trident.
You die...

Skill      XL: |  1  2  3  4  5  6  7  8 |
---------------+-------------------------+-----
Axes           | 3 4 5 6 7 8 |  8.3
Armour         | 4 5 6 |  6.7
Shields        | 4 5 6 |  6.5
Fighting       | 4 5 6 |  6.7
Throwing       | 1 2 |  2.5

Action                     |  1- 3 |  4- 6 |  7- 9 || total
---------------------------+-------+-------+-------++-------
  Melee: War axe           |    56 |    87 |   105 ||   248
         Headbutt          |    10 |     8 |    21 ||    39
 Armour: Scale mail        |    36 |     8 |       ||    44
         Chain mail        |       |    40 |    39 ||    79
  Dodge: Dodged            |    29 |    44 |    67 ||   140
  Block: Buckler           |    12 |    16 |    23 ||    51

Levels and vault maps discovered:
D:1:      dpeg_arrival_arbitrary_a, layout_rooms,
          dreamdust_ecumenical_altar_drowned_temple, kennysheep_doodads
D:2:      cheibrodos_greedy_goblins, layout_rooms
D:3:      layout_loops_ring, mrwooster_statue_mirror, minmay_door_square,
          wad_floor_pattern_1
D:4:      layout_basic, lightli_ossuary_entry_decrepit_ruins
D:5:      layout_rooms, serial_shops, shop, uniq_pikel, uniq_menkaure
D:6:      layout_loops_ring, serial_shops, shop, kennysheep_path_1,
          guppyfry_early_elven_hall, uniq_crazy_yiuf_cottage

Notes
Turn   | Place    | Note
-------+----------+-------------------------------------------
     0 | D:1      | Sanktem7 the Minotaur Fighter began the quest for the Orb.
     0 | D:1      | Reached XP level 1. HP: 19/19 MP: 0/0
     0 | D:1      | magus.rc [v1.9.6]
   162 | D:1      | You pick up a book of Cantrips and begin reading...
   162 | D:1      | You add the spells Necrotise, Summon Small Mammal and
                  | Apportation to your library.
   207 | D:1      | Reached XP level 2. HP: 23/27 MP: 1/1
   209 | D:1      | Reached skill level 3 in Axes
   275 | D:1      | Found a faded altar of an unknown god.
   492 | D:1      | Reached skill level 4 in Armour
   492 | D:1      | Reached XP level 3. HP: 33/33 MP: 2/2
   527 | D:1      | You pick up a book of Debilitation and begin reading...
   527 | D:1      | You add the spells Slow, Vampiric Draining and Confusing
                  | Touch to your library.
   544 | D:1      | Reached skill level 4 in Shields
   675 | D:1      | magus.rc [v1.9.6]
   694 | D:2      | Reached skill level 4 in Fighting
   713 | D:2      | You fall into a shaft and drop 2 floors!
   771 | D:4      | Reached XP level 4. HP: 39/40 MP: 3/3
   844 | D:4      | Reached skill level 4 in Axes
  1254 | D:4      | Reached XP level 5. HP: 39/47 MP: 4/4
  1633 | D:3      | You pick up a book of Debilitation and begin reading...
  2424 | D:3      | Reached skill level 5 in Axes
  2424 | D:3      | Reached XP level 6. HP: 55/55 MP: 5/5
  2424 | D:3      | magus.rc [v1.9.6]
  2494 | D:5      | Entered Level 5 of the Dungeon
  2512 | D:5      | Reached skill level 5 in Armour
  2563 | D:5      | Found Piabaof's Jewellery Shop.
  2592 | D:5      | Noticed Pikel
  2602 | D:5      | Killed Pikel
  2603 | D:5      | Reached skill level 5 in Fighting
  2603 | D:5      | Reached skill level 6 in Axes
  2603 | D:5      | Reached skill level 5 in Shields
  2603 | D:5      | Reached XP level 7. HP: 52/62 MP: 6/6
  2811 | D:5      | Reached skill level 7 in Axes
  2814 | D:5      | Reached skill level 1 in Throwing
  2814 | D:5      | Reached skill level 6 in Armour
  2976 | D:5      | Reached skill level 6 in Fighting
  2977 | D:5      | Reached skill level 6 in Shields
  2977 | D:5      | Reached XP level 8. HP: 32/70 MP: 7/7
  3115 | D:5      | Noticed Menkaure
  3123 | D:5      | Killed Menkaure
  3222 | D:5      | Reached skill level 2 in Throwing
  3386 | D:6      | Reached skill level 8 in Axes
  3813 | D:6      | Found Tikhawiw's Weapon Emporium.
  3862 | D:6      | HP: 8/71 [orc priest/divine providence (16)]
  3870 | D:6      | HP: 1/71 [orc priest/divine providence (10)]
  3873 | D:6      | Slain by an orc priest

Vanquished Creatures
  Pikel (D:5)
  Menkaure (D:5)
  A lemure (D:5)
  2 phantoms
  A scorpion (D:3)
  3 wights (D:5)
  3 orc priests
  5 hounds
  3 iguanas
  A sleepcap (D:5)
  6 orc wizards
  6 adders
  A white imp (D:6)
  An ufetubus (D:4)
  3 worms (D:3)
  3 dart slugs
  20 orcs
  5 endoplasms
  A giant cockroach (D:4)
  6 goblins
  8 hobgoblins
  5 jackals
  A kobold (D:1)
  3 quokkas
  4 ball pythons
  6 bats
  A frilled lizard (D:3)
  9 rats
  A spectral kobold (D:1)
111 creatures vanquished.

Table legend:
 A = Non-vault XP
 B = Vault XP
 C = Vault XP percentage of total XP
 D = Non-vault monster count
 E = Vault monster count
 F = Vault count percentage of total count
                 A         B        C        D         E       F
            +---------+---------+-------+---------+---------+-------
      Total |    1485 |     769 |  34.1 |     107 |       3 |   2.7
            +---------+---------+-------+---------+---------+-------
        D:1 |      46 |       1 |   2.1 |      26 |       1 |   3.7
        D:2 |      16 |       0 |   0.0 |       2 |       0 |   0.0
        D:3 |     152 |       0 |   0.0 |      20 |       0 |   0.0
        D:4 |     165 |       0 |   0.0 |      16 |       0 |   0.0
        D:5 |     712 |     768 |  51.9 |      23 |       2 |   8.0
        D:6 |     394 |       0 |   0.0 |      20 |       0 |   0.0
            +---------+---------+-------+---------+---------+-------

Skill      XL: |  1  2  3  4  5  6  7  8 |
---------------+-------------------------+-----
Axes           | 3 4 5 6 7 8 |  8.3
Armour         | 4 5 6 |  6.7
Shields        | 4 5 6 |  6.5
Fighting       | 4 5 6 |  6.7
Throwing       | 1 2 |  2.5

Action                     |  1- 3 |  4- 6 |  7- 9 || total
---------------------------+-------+-------+-------++-------
  Melee: War axe           |    56 |    87 |   105 ||   248
         Headbutt          |    10 |     8 |    21 ||    39
 Armour: Scale mail        |    36 |     8 |       ||    44
         Chain mail        |       |    40 |    39 ||    79
  Dodge: Dodged            |    29 |    44 |    67 ||   140
  Block: Buckler           |    12 |    16 |    23 ||    51

Illustrated notes

Table legend:
 A = Kills in this place as a percentage of kills in the entire game.
 B = Kills by you in this place as a percentage of kills by you in the entire game.
 C = Kills by friends in this place as a percentage of kills by friends in the entire game.
 D = Other kills in this place as a percentage of other kills in the entire game.
 E = Experience gained in this place as a percentage of experience gained in the entire game.
 F = Experience gained in this place divided by the number of levels of this place that you have seen.
                   A       B       C       D       E      F
               +-------+-------+-------+-------+-------+----------------------
         Total | 100.0 | 100.0 |   N/A |   N/A | 100.0 | 375.7
       Dungeon | 100.0 | 100.0 |   N/A |   N/A | 100.0 | 375.7
               +-------+-------+-------+-------+-------+----------------------

Table legend: (Time is in decaauts)
 A = Elapsed time spent in this place.
 B = Non-inter-level travel time spent in this place.
 C = Inter-level travel time spent in this place.
 D = Time resting spent in this place.
 E = Time spent auto-exploring this place.
 F = Levels seen in this place.
 G = Mean time per level.
                   A        B        C        D        E       F      G
               +--------+--------+--------+--------+--------+-----+--------+
         Total |   3942 |   3680 |    262 |      0 |   2632 |   6 |  657.0 |
       Dungeon |   3942 |   3680 |    262 |      0 |   2632 |   6 |  657.0 |
               +--------+--------+--------+--------+--------+-----+--------+

Top non-repeatable levels by time:
     D:4: 947 daAuts
     D:5: 894 daAuts
     D:3: 855 daAuts
     D:1: 703 daAuts
     D:6: 504 daAuts
     D:2: 37 daAuts
